 Dungeon Crawl Stone Soup version 0.15.2 (webtiles) character file.

679 DrPain the Nimble (level 7, -1/27 (29) HPs)
             Began as a Spriggan Assassin on Jan 6, 2015.
             Killed from afar by an orc wizard (4 damage)
             ... with a magic dart
             ... on Level 5 of the Dungeon.
             The game lasted 00:17:38 (8526 turns).

DrPain the Nimble (Spriggan Assassin)               Turns: 8526, Time: 00:17:40

HP  -1/27 (29)   AC  4     Str  8      XL: 7   Next: 34%
MP  14/14        EV 30     Int 13      God:
Gold 281         SH  0     Dex 25      Spells:  0 memorised,  6 levels left

rFire  . . .     SeeInvis +     w - +3 dagger
rCold  . . .     Clarity  .     c - +0 robe
rNeg   . . .     rCorr    .     (shield restricted)
rPois  .         rRot     .     (helmet restricted)
rElec  .         Spirit   .     d - +1 cloak
SustAb .         Warding  .     (gloves unavailable)
rMut   .         Stasis   .     (boots unavailable)
Gourm  .                        (no amulet)
MR     +....                    (no ring)
                                g - +5 ring of dexterity

@: very quick, somewhat resistant to hostile enchantments, stealthy
A: unfitting armour, claws 1, see invisible, agile 1, herbivore 3, speed 3,
frail 1, slow metabolism 2
a: no special abilities


You were on level 5 of the Dungeon.
You were not hungry.

You visited 1 branch of the dungeon, and saw 5 of its levels.

You collected 281 gold pieces.

Inventory:

Hand weapons
 f - a +0 blowgun
 w - a +3 dagger (weapon)
Missiles
 b - 2 curare-tipped needles
 e - 6 poisoned needles
Armour
 c - a +0 robe (worn)
 d - a +1 cloak (worn)
Comestibles
 l - 3 bread rations
 q - 2 slices of pizza
Scrolls
 h - 4 scrolls of remove curse
 i - 3 scrolls of identify
 j - a scroll of teleportation
Jewellery
 g - a +5 ring of dexterity (left claw)
Potions
 m - a potion of invisibility
 o - a potion of heal wounds
Books
 r - a book of the Dragon

   Spells                             Type                      Level
   Flight                             Charms/Air                   3
   Cause Fear                         Hexes                        4
   Bolt of Fire                       Conjuration/Fire             6
   Dragon Form                        Transmutation                7
   Dragon's Call                      Summoning                    9


   Skills:
 - Level 1.5 Fighting
 - Level 5.0 Short Blades
 - Level 2.1 Throwing
 + Level 9.9 Dodging
 - Level 5.8 Stealth


You had 6 spell levels left.
You didn't know any spells.

Dungeon Overview and Level Annotations

Branches:
Dungeon (5/15)
 Temple: D:4-7

Altars:
Vehumet
Xom


Innate Abilities, Weirdness & Mutations

You are tiny and cannot use many weapons and most armour.
You have supernaturally acute eyesight.
You are a herbivore.
You cover ground extremely quickly.
You need consume almost no food.
You have sharp fingernails.
You are agile. (Dex +2)
You are frail (-10% HP).


Message History

You are too injured to fight recklessly!
You are too injured to fight recklessly!
You are too injured to fight recklessly!
You hit the orc wizard but do no damage.
The orc wizard misses you.
You hit the orc wizard.
The orc wizard is lightly wounded.
The orc wizard misses you.
You hit the orc wizard.
The orc wizard is moderately wounded.
The orc wizard casts a spell at you. You resist with almost no effort.
You hit the orc wizard.
The orc wizard is heavily wounded.
The orc wizard points at you and mumbles some strange words.
The magic dart hits you!
* * * LOW HITPOINT WARNING * * *
The orc wizard points at you and mumbles some strange words.
The magic dart hits you!
You die...

..# #.# ##.....#
..# #.# ##......#
..# #.###...[...#
..# #.....#.....#
..# #..<...(....#
..# *#.####..#..##
#.#**#..# ##..##.#
,..,...## #....#.#
*.#####* #....#@#
*.* ##..##o# *,*
#####o# *,* #Y# *,*
#o# *,* ###.# *,*
#...# *,*
#########.###
,.####.....#.....##


You could see an orc warrior, an ice beast, an orc wizard and an orc.

Vanquished Creatures
  A water moccasin (D:5)
  A necrophage (D:5)
  3 hounds (D:4)
  2 crimson imps (D:5)
  An iguana (D:5)
  3 worker ants
  8 adders
  3 gnolls (D:5)
  A worm (D:4)
  5 giant geckos
  2 oozes (D:3)
  3 orcs
  A ball python (D:1)
  6 giant cockroaches
  12 hobgoblins
  17 jackals
  14 kobolds
  5 quokkas
  11 bats
  4 giant newts
  7 goblins
  A kobold zombie (D:5)
  11 rats
  2 rat skeletons
  A bush (D:1)
  A plant (D:1)
126 creatures vanquished.

Notes
Turn   | Place    | Note
--------------------------------------------------------------
     0 | D:1      | DrPain, the Spriggan Assassin, began the quest for the Orb.
     0 | D:1      | Reached XP level 1. HP: 10/10 MP: 2/2
   658 | D:1      | Reached XP level 2. HP: 14/14 MP: 4/4
  1548 | D:1      | Reached XP level 3. HP: 18/18 MP: 6/6
  2645 | D:2      | Found a radiant altar of Vehumet.
  2730 | D:2      | Found a shimmering altar of Xom.
  2756 | D:2      | Reached XP level 4. HP: 14/22 MP: 8/8
  3097 | D:2      | Reached skill level 5 in Short Blades
  4602 | D:3      | Reached XP level 5. HP: 25/25 MP: 10/10
  5851 | D:4      | Reached skill level 5 in Dodging
  6001 | D:4      | Reached skill level 6 in Dodging
  6823 | D:4      | Reached XP level 6. HP: 30/30 MP: 12/12
  6888 | D:5      | Entered Level 5 of the Dungeon
  6925 | D:5      | Reached skill level 7 in Dodging
  7465 | D:5      | Noticed a water moccasin
  7718 | D:5      | Reached skill level 8 in Dodging
  8020 | D:5      | Killed a water moccasin
  8020 | D:5      | Reached skill level 9 in Dodging
  8020 | D:5      | Reached XP level 7. HP: 25/31 MP: 14/14
  8486 | D:5      | Gained mutation: You have sharp fingernails. [potion of mutation]
  8486 | D:5      | Gained mutation: You are frail (-10% HP). [potion of mutation]
  8486 | D:5      | Gained mutation: You are agile. (Dex +2) [potion of mutation]
  8526 | D:5      | Killed from afar by an orc wizard

Action                   |  1- 3 |  4- 6 |  7- 9 || total
-------------------------+-------+-------+-------++-------
Melee: Dagger            |   545 |   359 |   101 ||  1005
 Fire: Blowgun           |     5 |    12 |       ||    17
Evoke: Wand              |       |     1 |       ||     1
  Use: Scroll            |     1 |     8 |       ||     9
       Potion            |     1 |     6 |     1 ||     8
 Stab: Sleeping          |     9 |    13 |     1 ||    23
       Distracted        |     1 |       |       ||     1
  Eat: Pizza             |     1 |       |       ||     1
